 Dungeon Crawl Stone Soup version 0.28.0-47-ge53b351184 (webtiles) character file.

Game seed: 9347824382313914942

1883 croobank the Magician (level 9, -7/65 HPs)
             Began as a Gnoll Fire Elementalist on May 9, 2022.
             Was an Initiate of Gozag.
             Mangled by an ice devil (16 damage)
             ... summoned by a kobold demonologist
             ... on level 7 of the Dungeon.
             The game lasted 00:21:44 (7555 turns).

croobank the Magician (Gnoll Fire Elementalist)     Turns: 7555, Time: 00:21:46

Health: -7/65      AC:  5    Str: 13    XL:     9   Next: 14%
Magic:  1/18       EV: 13    Int: 20    God:    Gozag
Gold:   576        SH:  0    Dex: 12    Spells: 7/20 levels left

rFire   . . .      SeeInvis .   a - +3 war axe (venom)
rCold   . . .      Faith    .   (no shield)
rNeg    . . .      Spirit   .   p - +1 leather armour
rPois   .          Reflect  .   (no helmet)
rElec   .          Harm     .   (no cloak)
rCorr   .          Rampage  .   g - +0 pair of gloves
Will    +....                   (no boots)
Stlth   +++.......              (no amulet)
HPRegen 0.20/turn               o - +6 ring of strength
MPRegen 0.16/turn               w - ring of willpower

@: no status effects
A: fangs 1, strong nose, distributed training
a: Renounce Religion, Potion Petition, Call Merchant, Bribe Branch


You were on level 7 of the Dungeon.
You worshipped Gozag.
Gozag was pleased with you.
You visited 2 branches of the dungeon, and saw 8 of its levels.

You collected 634 gold pieces.
You paid 58 gold pieces to Gozag.

Inventory:

Hand Weapons
 a - a +3 war axe of venom (weapon)
 c - a +0 mace
 f - a +0 shortbow
 k - a +0 hand axe of flaming
 z - a +0 morningstar
 E - a +3 scimitar
Missiles
 e - 3 javelins (quivered)
 j - 96 stones
 l - 110 arrows
 m - 15 poisoned darts
 A - 44 sling bullets
 B - 33 bolts
Armour
 b - a +0 ring mail
 g - a +0 pair of gloves (worn)
 p - a +1 leather armour (worn)
 u - a +0 robe
Jewellery
 o - a +6 ring of strength (left hand)
 v - a ring of positive energy
 w - a ring of willpower (right hand)
Wands
 h - a wand of flame (8)
 y - a wand of iceblast (6)
Scrolls
 q - 2 scrolls of blinking
 s - a scroll of identify
 C - a scroll of magic mapping {unknown}
 D - a scroll of silence {unknown}
 F - a scroll of teleportation
 G - a scroll of summoning
Potions
 d - 3 potions of flight
 i - a potion of ambrosia {unknown}
 n - a potion of attraction {unknown}
 r - a potion of haste {unknown}
 t - a potion of curing
 x - a potion of heal wounds {unknown}


   Skills:
 + Level 3.9 Fighting
 + Level 3.9 Short Blades
 + Level 3.9 Long Blades
 + Level 3.9 Axes
 + Level 3.9 Maces & Flails
 + Level 3.9 Polearms
 + Level 3.9 Staves
 + Level 3.9 Slings
 + Level 3.9 Bows
 + Level 3.9 Crossbows
 + Level 3.9 Throwing
 + Level 3.9 Armour
 + Level 6.1 Dodging
 + Level 5.8 Stealth
 + Level 3.9 Shields
 + Level 3.9 Unarmed Combat
 + Level 6.4 Spellcasting
 + Level 3.9 Conjurations
 + Level 3.2 Hexes
 + Level 3.2 Summonings
 + Level 3.2 Necromancy
 + Level 3.2 Translocations
 + Level 3.2 Transmutations
 + Level 6.4 Fire Magic
 + Level 3.2 Ice Magic
 + Level 3.2 Air Magic
 + Level 3.2 Earth Magic
 + Level 3.2 Poison Magic
 + Level 4.3 Invocations
 + Level 3.9 Evocations


You had 7 spell levels left.
You knew the following spells:

 Your Spells              Type           Power      Damage    Failure   Level
a - Foxfire               Conj/Fire      100%       2x1d9     1%          1
b - Scorch                Fire           64%        2d8       1%          2
c - Flame Wave            Conj/Fire      27%        2d7       14%         4
d - Conjure Flame         Conj/Fire      27%        6-21      4%          3
e - Teleport Other        Tloc           19%        N/A       10%         3

Your spell library contained the following spells:

 Spells                   Type           Power      Damage    Failure   Level
 Animate Skeleton         Necr           38%        N/A       3%          1
 Pain                     Necr           76%        1d7       3%          1
 Corpse Rot               Necr/Air       38%        N/A       4%          2
 Inner Flame              Hex/Fire       25%        N/A       4%          3
 Gell's Gravitas          Tloc           19%        N/A       10%         3
 Lesser Beckoning         Tloc           19%        N/A       10%         3
 Vampiric Draining        Necr           19%        2d7       10%         3
 Dispel Undead            Necr           19%        3d11      32%         4
 Conjure Ball Lightning   Conj/Air       10%        3x3d6     99%         6
 Dispersal                Tloc           9%         N/A       99%         6
 Borgnjor's Revivificati  Necr           9%         N/A       100%        8
 Discord                  Hex            9%         N/A       100%        8
 Disjunction              Tloc           9%         N/A       100%        8


Dungeon Overview and Level Annotations

Branches:
Dungeon (7/15)             Temple (1/1) D:4

Altars:
Ashenzari
Cheibriados
Elyvilon
Fedhas
Gozag
Hepliaklqana
Makhleb
Nemelex Xobeh
Okawaru
Ru
Sif Muna
Uskayaw
Vehumet
Wu Jian
Yredelemnul
Zin
The Shining One

Shops:
D:5 (


Innate Abilities, Weirdness & Mutations

You have very sharp teeth.
Your uncanny sense of smell can sniff out nearby items.
Your experience applies equally to all skills.


Message History

Flames lash the kobold demonologist.
The kobold demonologist is moderately wounded.
The kobold demonologist's fire resistance burns away.
You hear the slow hiss of a distant avalanche of sand.
You feel sick.
You are no longer poisoned.
Casting: Scorch (safe; 1% risk of failure)
Confirm with . or Enter, or press ? or * to list all spells.
Flames lash the kobold demonologist.
The kobold demonologist is burned terribly!
The kobold demonologist is heavily wounded.
Casting: Scorch (safe; 1% risk of failure)
Confirm with . or Enter, or press ? or * to list all spells.
Flames lash the kobold demonologist.
The kobold demonologist is burned terribly!
The kobold demonologist is severely wounded.
The kobold demonologist gestures wildly while chanting.
Casting: Scorch (safe; 1% risk of failure)
Confirm with . or Enter, or press ? or * to list all spells.
Flames lash the kobold demonologist.
The kobold demonologist is burned terribly!
The kobold demonologist is almost dead.
The kobold demonologist casts a cantrip, but nothing happens.
Casting: Scorch (safe; 1% risk of failure)
Confirm with . or Enter, or press ? or * to list all spells.
Flames lash the ice devil.
The ice devil is burned terribly!
The ice devil is lightly wounded.
The ice devil's fire resistance burns away.
The kobold demonologist barely misses you.
The kobold demonologist hits you with a +0 dagger.
The ice devil hits you. The ice devil freezes you!
* * * LOW HITPOINT WARNING * * *
The kobold demonologist casts a cantrip, but nothing happens.
The ice devil is no longer more vulnerable to fire.
There is a stone staircase leading up here.
The ice devil hits you!
* * * LOW HITPOINT WARNING * * *
The ice devil freezes you!
You die...
Your body crumbles into a pile of gold.

....##+##...^##+#####...
............#......#...
####.........#..$...+...
...'......$..#yy... #...
..#......$..#y.. #...
#.........#'#### #...
###.........$....# ##+#
#....K4#####.....# #
#.....@# #.....+ #
#......# #.....# #
#......# #.....# #
#....#+## ##...... #
#.... ....... +....
....... ∆ #... #..


You could see an ice devil (summoned) and a kobold demonologist (combustible).

Vanquished Creatures
  A wraith (D:5)
  Sigmund (D:5)
  A black bear (D:5)
  2 ogres
  A centaur (D:6)
  Blork the orc (D:5)
  A water moccasin zombie (D:6)
  A water moccasin skeleton (D:6)
  3 killer bees (D:7)
  3 wights (D:6)
  A howler monkey (D:4)
  A hound (D:6)
  2 bullfrog skeletons (D:6)
  2 orc priests
  A gnoll shaman (D:6)
  3 jellies (D:6)
  A centaur skeleton (D:5)
  Jessica (D:3)
  2 scorpion zombies (D:3)
  5 orc wizards
  2 hound skeletons
  6 gnolls (D:6)
  12 adders
  A white imp (D:6)
  An ufetubus (D:5)
  4 dart slugs
  12 orcs
  5 bats
  6 endoplasms
  5 giant cockroaches
  5 goblins
  7 hobgoblins
  2 jackals (D:1)
  3 quokkas (D:3)
  4 ball pythons
  4 frilled lizards
  6 kobolds
  5 rats
124 creatures vanquished.

Vanquished Creatures (collateral kills)
  3 foxfires (D:1)
3 creatures vanquished.

Vanquished Creatures (others)
  156 foxfires
  2 fungi (D:1)
158 creatures vanquished.

Grand Total: 285 creatures vanquished

Notes
Turn   | Place    | Note
-------+----------+-------------------------------------------
     0 | D:1      | croobank the Gnoll Fire Elementalist began the quest for
                  | the Orb.
     0 | D:1      | Reached XP level 1. HP: 13/13 MP: 6/6
    47 | D:1      | Found a faded altar of an unknown god.
   283 | D:1      | Reached XP level 2. HP: 19/19 MP: 3/7
   303 | D:1      | Learned a level 2 spell: Scorch
   856 | D:2      | Reached XP level 3. HP: 25/25 MP: 7/9
   889 | D:2      | Found a hazy altar of Hepliaklqana.
   907 | D:2      | Reached skill level 5 in Spellcasting
  1074 | D:2      | Reached skill level 1 in Invocations
  1155 | D:2      | Reached skill level 1 in Fighting
  1155 | D:2      | Reached skill level 1 in Short Blades
  1155 | D:2      | Reached skill level 1 in Long Blades
  1155 | D:2      | Reached skill level 1 in Axes
  1155 | D:2      | Reached skill level 1 in Maces & Flails
  1155 | D:2      | Reached skill level 1 in Polearms
  1155 | D:2      | Reached skill level 1 in Staves
  1155 | D:2      | Reached skill level 1 in Slings
  1155 | D:2      | Reached skill level 1 in Bows
  1155 | D:2      | Reached skill level 1 in Crossbows
  1155 | D:2      | Reached skill level 1 in Throwing
  1155 | D:2      | Reached skill level 1 in Armour
  1155 | D:2      | Reached skill level 1 in Shields
  1155 | D:2      | Reached skill level 1 in Unarmed Combat
  1155 | D:2      | Reached skill level 1 in Evocations
  1302 | D:2      | Reached XP level 4. HP: 32/32 MP: 7/11
  1308 | D:2      | Learned a level 4 spell: Flame Wave
  1552 | D:2      | Reached skill level 1 in Hexes
  1552 | D:2      | Reached skill level 1 in Summonings
  1552 | D:2      | Reached skill level 1 in Necromancy
  1552 | D:2      | Reached skill level 1 in Translocations
  1552 | D:2      | Reached skill level 1 in Transmutations
  1552 | D:2      | Reached skill level 1 in Ice Magic
  1552 | D:2      | Reached skill level 1 in Air Magic
  1552 | D:2      | Reached skill level 1 in Earth Magic
  1552 | D:2      | Reached skill level 1 in Poison Magic
  1900 | D:3      | Noticed Jessica
  1907 | D:3      | Killed Jessica
  1908 | D:3      | Reached XP level 5. HP: 37/37 MP: 3/12
  2590 | D:3      | Found a basalt altar of Yredelemnul.
  3014 | D:3      | Found a burning altar of Makhleb.
  3070 | D:3      | Found a hazy altar of Hepliaklqana.
  3437 | D:4      | Found a glowing silver altar of Zin.
  3442 | D:4      | Reached XP level 6. HP: 44/44 MP: 8/13
  3506 | D:4      | Learned a level 3 spell: Conjure Flame
  3829 | D:4      | Found a snail-covered altar of Cheibriados.
  3860 | D:4      | Found a staircase to the Ecumenical Temple.
  3897 | D:4      | Reached skill level 5 in Dodging
  4184 | D:4      | Found a sparkling altar of Nemelex Xobeh.
  4288 | Temple   | Entered the Ecumenical Temple
  4353 | Temple   | Became a worshipper of Gozag Ym Sagoz the Greedy
  4529 | D:5      | Entered Level 5 of the Dungeon
  4850 | D:5      | Noticed Blork the orc
  4851 | D:5      | Got the Tome of Burning Sinister Magic
  4859 | D:5      | Killed Blork the orc
  4860 | D:5      | Reached XP level 7. HP: 44/50 MP: 6/15
  4939 | D:5      | Noticed Sigmund
  4950 | D:5      | Killed Sigmund
  5006 | D:5      | Reached skill level 5 in Stealth
  5275 | D:5      | Found Goczaa's Weapon Shop.
  5329 | D:5      | Noticed a wraith
  5338 | D:5      | Killed a wraith
  5339 | D:5      | Reached XP level 8. HP: 51/58 MP: 2/16
  5669 | D:6      | Learned a level 3 spell: Teleport Other
  6489 | D:6      | Found a radiant altar of Vehumet.
  6701 | D:6      | Found a blossoming altar of Fedhas.
  6912 | D:6      | Reached XP level 9. HP: 65/65 MP: 0/18
  7544 | D:7      | Noticed a kobold demonologist
  7550 | D:7      | Noticed an ice devil
  7555 | D:7      | Mangled by an ice devil

Illustrated notes

Levels and vault maps discovered:
D:1:      wander_arrival_fairy_ring, layout_rooms,
          dreamdust_ecumenical_altar_grove, minmay_misc_feat_nine_boxes
D:2:      layout_basic, basic_altar
D:3:      layout_basic, demons_altar, mainiacjoe_overflow_brackets,
          lemuel_zombie_altar_yredelemnul, st_stairs_3,
          amcnicky_mini_pool_small, kennysheep_jessica_study
D:4:      layout_basic, nemelex_dance_club_becter,
          nicolae_overflow_crystal_walls, mainiacjoe_overflow_alcove_1,
          minmay_temple_entry_fiery
D:5:      layout_basic, serial_shops, kennysheep_mini_moat, uniq_sigmund,
          uniq_blork_the_orc
D:6:      layout_basic, mainiacjoe_overflow_paths, kennysheep_little_box
D:7:      layout_gridville, nicolae_kikubaaqudgha_miasma_corner,
          enter_ossuary_5, kennysheep_generic_room_15, uniq_maggie
Temple:   jpeg_temple_island

Skill      XL: |  1  2  3  4  5  6  7  8 |
---------------+-------------------------+-----
Conjurations   | 2 3 |  3.9
Spellcasting   | 5 6 |  6.4
Invocations    | 1 2 3 4 |  4.3
Fighting       | 1 2 3 |  3.9
Short Blades   | 1 2 3 |  3.9
Long Blades    | 1 2 3 |  3.9
Axes           | 1 2 3 |  3.9
Maces & Flails | 1 2 3 |  3.9
Polearms       | 1 2 3 |  3.9
Staves         | 1 2 3 |  3.9
Slings         | 1 2 3 |  3.9
Bows           | 1 2 3 |  3.9
Crossbows      | 1 2 3 |  3.9
Throwing       | 1 2 3 |  3.9
Armour         | 1 2 3 |  3.9
Shields        | 1 2 3 |  3.9
Unarmed Combat | 1 2 3 |  3.9
Evocations     | 1 2 3 |  3.9
Hexes          | 1 2 3 |  3.2
Summonings     | 1 2 3 |  3.2
Necromancy     | 1 2 3 |  3.2
Translocations | 1 2 3 |  3.2
Transmutations | 1 2 3 |  3.2
Ice Magic      | 1 2 3 |  3.2
Air Magic      | 1 2 3 |  3.2
Earth Magic    | 1 2 3 |  3.2
Poison Magic   | 1 2 3 |  3.2
Dodging        | 5 6 |  6.1
Stealth        | 5 |  5.8
Fire Magic     | 6 |  6.4

Action                   |  1- 3 |  4- 6 |  7- 9 || total
-------------------------+-------+-------+-------++-------
Melee: Mace              |     9 |     3 |       ||    12
       Bite              |     1 |       |     3 ||     4
       Hand axe          |       |     9 |       ||     9
       War axe           |       |       |    18 ||    18
Throw: Throwing net      |       |     1 |     1 ||     2
 Cast: Foxfire           |    38 |    38 |    19 ||    95
       Scorch            |     6 |    57 |    79 ||   142
       Flame Wave        |       |       |     1 ||     1
  Use: Scroll            |       |    13 |     1 ||    14
       Potion            |       |     2 |       ||     2
Armor: Robe              |     7 |     4 |       ||    11
       Leather armour    |       |     3 |     9 ||    12
Dodge: Dodged            |    14 |    25 |    46 ||    85
